 Dungeon Crawl Stone Soup version 0.17-a0-1570-g74b7129 (webtiles) character file.

62 Dawmjeon the Gusty (level 3, 0/19 HPs)
             Began as a Deep Elf Air Elementalist on July 23, 2015.
             Slain by an adder (4 damage)
             ... on level 3 of the Dungeon.
             The game lasted 00:09:43 (1118 turns).

Dawmjeon the Gusty (Deep Elf Air Elementalist)      Turns: 1118, Time: 00:09:43

Health: 0/19       AC:  3    Str:  5    XL:     3   Next: 85%
Magic:  7/10       EV: 12    Int: 20    God:
Gold:   57         SH:  0    Dex: 15    Spells: 4 memorised, 1 level left

rFire  . . .     SeeInvis .     e - +0 mace
rCold  . . .     Clarity  .     d - +0 leather armour
rNeg   . . .     SustAt   .     (no shield)
rPois  .         Gourm    .     (no helmet)
rElec  .         Spirit   .     (no cloak)
rCorr  .         Warding  .     (no gloves)
rMut   .         Stasis   .     (no boots)
MR     .....                    (no amulet)
Stlth  ++........               (no ring)
                                (no ring)

@: not resistant to hostile enchantments, unstealthy
A: no striking features
a: no special abilities


You were on level 3 of the Dungeon.
You were not hungry.

You visited 1 branch of the dungeon, and saw 3 of its levels.

You collected 57 gold pieces.

Inventory:

Hand weapons
 e - a +0 mace (weapon)
Missiles
 i - 8 javelins (quivered)
 t - 58 bolts
Armour
 a - a +0 robe
 d - a +0 leather armour (worn)
 s - a +0 chain mail
 u - a +0 ring mail
 v - a +0 shield
Magical devices
 o - a wand of flame (37)
Scrolls
 g - a scroll of identify {unknown}
 h - a scroll of teleportation {unknown}
 m - a scroll of recharging {unknown}
 q - a scroll of fear {unknown}
 r - a scroll of amnesia {unknown}
 w - a scroll of remove curse {unknown}
Potions
 f - a potion of degeneration {unknown}
 j - a potion of haste
 k - a potion of flight {unknown}
 l - a potion of might {unknown}
 n - a potion of heal wounds {unknown}
 p - a potion of magic {unknown}
Books
 b - a book of Air

   Spells                             Type                      Level
   a - Shock                          Conjuration/Air              1
   b - Swiftness                      Charms/Air                   2
   c - Repel Missiles                 Charms/Air                   2
   d - Static Discharge               Conjuration/Air              3
   e - Lightning Bolt                 Conjuration/Air              5
Comestibles
 c - a bread ration


   Skills:
 + Level 0.2 Fighting
 + Level 0.2 Maces & Flails
 + Level 0.1 Armour
 + Level 3.2 Dodging
 + Level 2.6 Stealth
 * Level 3.5 Spellcasting
 + Level 1.4 Conjurations
 + Level 3.7 Air Magic


You had one spell level left.
You knew the following spells:

 Your Spells              Type           Power        Failure   Level  Hunger
a - Shock                 Conj/Air       ##..         10%         1    None
b - Swiftness             Chrm/Air       ##......     17%         2    ##.....
c - Static Discharge      Conj/Air       ##......     24%         3    ###....
d - Repel Missiles        Chrm/Air       ##....       17%         2    ##.....


Dungeon Overview and Level Annotations

Branches:
Dungeon (3/15)

Altars:


Message History

There is a shaft here.
An adder comes into view.
Found a scroll labeled DISUBB NOYB.
You closely miss the adder. The adder barely misses you.
The adder barely misses you.
You closely miss the adder. The adder closely misses you.
You barely miss the adder. The adder bites you. The adder bites you.
You closely miss the adder. The adder bites you. The adder misses you.
You closely miss the adder. The adder bites you.
The adder bites you but does no damage.
You barely miss the adder. The adder bites you but does no damage.
The adder bites you.
Casting: Static Discharge
Confirm with . or Enter, or press ? or * to list all spells.
The adder is struck by lightning.
The adder is heavily wounded.
The lightning arcs!
You are struck by lightning.
* * * LOW HITPOINT WARNING * * *
The lightning grounds out.
The adder bites you.
You die...

#. #.. .......
.. #
#.##.........
#...##......?.
#.#.##.#...#.
...#.......
###.##.#...
#...<#.#.S#
#.#^##.#.@#
#.#.##.#..#
#.........#
###.##.........
#.##########.
#.# #.# ###


You could see an adder.

Vanquished Creatures
  An adder (D:2)
  A gnoll (D:1)
  A worm (D:2)
  2 giant geckos
  A ball python (D:2)
  A giant cockroach (D:2)
  5 goblins
  5 hobgoblins
  3 jackals (D:2)
  4 kobolds
  4 bats (D:2)
  4 giant newts (D:2)
  8 rats
40 creatures vanquished.

Notes
Turn   | Place    | Note
--------------------------------------------------------------
     0 | D:1      | Dawmjeon the Deep Elf Air Elementalist began the quest for the Orb.
     0 | D:1      | Reached XP level 1. HP: 10/10 MP: 6/6
   161 | D:1      | Reached XP level 2. HP: 12/15 MP: 2/8
   530 | D:2      | Reached XP level 3. HP: 19/19 MP: 4/9
   605 | D:2      | Learned a level 2 spell: Swiftness
   609 | D:2      | Learned a level 3 spell: Static Discharge
   612 | D:2      | Learned a level 2 spell: Repel Missiles
  1118 | D:3      | Slain by an adder

Vault maps used:
D:1:      minmay_arrival_semitransparent
D:2:      uniq_natasha
D:3:      uniq_iyjb

Action                   || total
-------------------------++-------
Melee: Unarmed           ||     8
       Mace              ||    70
 Cast: Shock             ||    31
       Static Discharge  ||     3
  Use: Potion            ||     2
 Stab: Sleeping          ||     2
  Eat: Bread ration      ||     1
